 Dungeon Crawl Stone Soup version 0.28.0 (webtiles) character file.

Game seed: 1304099271408429802

18 adizb the Covered (level 2, -4/17 (19) HPs)
             Began as a Tengu Fighter on Feb 7, 2022.
             Killed by a bolt of negative energy (19 damage)
             ... invoked by the anger of Yredelemnul
             ... on level 1 of the Dungeon.
             The game lasted 00:03:14 (448 turns).

adizb the Covered (Tengu Fighter)                    Turns: 448, Time: 00:03:18

HP:   -4/17 (19)    AC:  6    Str: 16    XL:     2   Next: 66%
MP:   3/3           EV:  9    Int:  8    God:
Gold: 24            SH:  4    Dex: 13    Spells: 1/1 levels left

rFire   . . .      SeeInvis .   a - +0 long sword
rCold   . . .      Faith    .   c - +0 buckler
rNeg    . . .      Spirit   .   b - +0 scale mail
rPois   .          Reflect  .   (helmet restricted)
rElec   .          Harm     .   (no cloak)
rCorr   .          Rampage  .   (no gloves)
Will    .....                   (boots unavailable)
Stlth   ..........              (no amulet)
HPRegen 0.05/turn               (no ring)
MPRegen 0.08/turn               (no ring)

@: heavily drained
A: beak, talons 3
a: no special abilities


You were on level 1 of the Dungeon.
You visited 1 branch of the dungeon, and saw 1 of its levels.

You collected 24 gold pieces.

Inventory:

Hand Weapons
 a - a +0 long sword (weapon)
 g - a +1 short sword of holy wrath
Missiles
 e - 4 javelins (quivered)
Armour
 b - a +0 scale mail (worn)
 c - a +0 buckler (worn)
Scrolls
 f - a scroll of vulnerability {unknown}
Potions
 d - a potion of might


   Skills:
 + Level 3.1 Fighting
 * Level 2.6 Long Blades
 * Level 3.5 Armour
 * Level 1.0 Dodging
 + Level 3.1 Shields


You had one spell level left.
You didn't know any spells.
Your spell library was empty.

Dungeon Overview and Level Annotations

Branches:
Dungeon (1/15)

Altars:
Yredelemnul

Shops:
D:1 [([


Innate Abilities, Weirdness & Mutations

You have a beak for a mouth.
You have claws for feet.


Message History

The giant cockroach bites you but does no damage.
The giant cockroach barely misses you.
You see here a +0 leather armour.
You closely miss the giant cockroach. Your peck misses the giant cockroach.
The giant cockroach closely misses you.
You closely miss the giant cockroach. Your kick misses the giant cockroach.
The giant cockroach bites you. You block the giant cockroach's attack.
You completely miss the giant cockroach.
Your kick misses the giant cockroach.
The giant cockroach waves its antennae.
The giant cockroach bites you. The giant cockroach barely misses you.
You hit the giant cockroach.
The giant cockroach is almost dead.
The giant cockroach closely misses you.
You slash the giant cockroach!
You kill the giant cockroach!
A goblin comes into view. It is wielding a +0 dagger.
The goblin shouts!
You barely miss the goblin. Your kick misses the goblin.
Your peck misses the goblin. The goblin hits you but does no damage.
You hit the goblin but do no damage. You claw the goblin.
You kill the goblin!
Your Dodging skill increases to level 1!
You see here a +0 dagger.
A bat comes into view.
The bat hits you but does no damage.
You hit the bat.
You kill the bat!
Found Kodusep's Armour Shop.
A kobold comes into view. It is wielding a +0 dagger.
The kobold shouts!
A dart slug comes into view.
You hit the kobold.
You kill the kobold!
The dart slug launches a dart at you.
The slug dart hits you but does no damage.
Yredelemnul's anger turns toward you for a moment.
The bolt of negative energy hits you!!
You feel drained.
Ouch! That really hurt!
You die...

......#####.#.#####.##.##
............#.#.........#
.........## #.#.###.#####
#...[.....# #.#.# #.#
#.........###.#.# #.#
#.............#.# #.#
.........######.###.#
#####.......#.......#
#######.#.#.@#### #.#
#.∩)w.# ##### #.# #.###.#
#.>.## #.# #.. # ..<..##
#.# ### ......## #.#
⌠...⌠..## #.#
........###.#######
..⌠....⌠.##.......#


You could see a dart slug and the anger of Yredelemnul (unaware).

Vanquished Creatures
  A dart slug (D:1)
  A ball python (D:1)
  A bat (D:1)
  2 endoplasms (D:1)
  A giant cockroach (D:1)
  3 goblins (D:1)
  2 hobgoblins (D:1)
  A quokka (D:1)
  A kobold (D:1)
13 creatures vanquished.

Notes
Turn   | Place    | Note
-------+----------+-------------------------------------------
     0 | D:1      | adizb the Tengu Fighter began the quest for the Orb.
     0 | D:1      | Reached XP level 1. HP: 14/14 MP: 2/2
    95 | D:1      | Found a faded altar of an unknown god.
   100 | D:1      | Prayed at the altar of an unknown god.
   100 | D:1      | Became a worshipper of Yredelemnul the Dark
   100 | D:1      | Reached * piety under Yredelemnul
   101 | D:1      | Fell from the grace of Yredelemnul
   173 | D:1      | Reached XP level 2. HP: 16/19 MP: 3/3
   209 | D:1      | Found Aninea's Antique Weapon Shop.
   245 | D:1      | Found Tifya's Armour Shoppe.
   419 | D:1      | Reached skill level 1 in Dodging
   444 | D:1      | Found Kodusep's Armour Shop.
   448 | D:1      | Killed by a bolt of negative energy

Illustrated notes

Levels and vault maps discovered:
D:1:      dpeg_arrival_lava_temple_mockup, layout_basic, serial_shops,
          nicolae_shop_crystal, nicolae_shop_bloodbath_and_beyond, shop, shop,
          ebering_ecumenical_altar_abandoned

Skill      XL: |  1  2 |
---------------+-------+-----
Dodging        | 1 |  1.0
Fighting       | |  3.1
Long Blades    | |  2.6
Armour         | |  3.5
Shields        | |  3.1

Action                   || total
-------------------------++-------
Melee: Long sword        ||    25
       Kick              ||     3
       Peck              ||     2
Invok: Renounce Religion ||     1
Armor: Scale mail        ||    10
Dodge: Dodged            ||     7
Block: Buckler           ||     4
